Map: Odyssey LE

Players

Winthrowe

  • Race: Protoss Protoss
  • League: Silver
  • Spawn Location: 5:00

DrBigMa - Winner!

  • Race: Protoss Protoss
  • League: Bronze
  • Spawn Location: 11:00

VOD

Have the link to the VOD?

Description

Time

  • Played on: Aug. 31, 2017, 6:53 p.m.
  • Length: 13:04
Show
View Real Time Build Order
Export as new Build Order

Winthrowe Protoss 

Build Orders: Double Forge 

Get SALT Encoding   

  12  0:04  Probe (Chrono Boost)  
  14  0:14  Probe (Chrono Boost)  
  14  0:26  Pylon  
  15  0:28  Probe (Chrono Boost)  
  15  0:44  Probe (Chrono Boost)  
  15  0:48  Gateway  
  16  0:51  Assimilator  
  16  0:54  Probe (Chrono Boost)  
  17  1:05  Probe (Chrono Boost)  
  18  1:16  Probe (Chrono Boost)  
  19  1:26  Probe (Chrono Boost)  
  20  1:36  Zealot, Gateway  
  20  1:37  Probe (Chrono Boost)  
  23  1:51  Pylon  
  23  2:10  Probe (Chrono Boost)  
  23  2:12  Nexus  
  24  2:19  Zealot  
  24  2:20  Probe (Chrono Boost)  
  27  2:26  Zealot  
  29  2:31  Probe (Chrono Boost)  
  30  2:41  Probe (Chrono Boost)  
  31  2:44  Assimilator  
  31  2:47  Cybernetics Core  
  31  3:03  Pylon  
  31  3:21  Zealot, Probe (Chrono Boost)  
  34  3:32  Warp Gate, Probe (Chrono Boost)  
  35  3:40  Forge  
  35  3:43  Forge  
  35  3:49  Gateway  
  35  3:52  Gateway  
  35  3:57  Pylon  
  35  4:00  Stalker  
  35  4:01  Pylon  
  37  4:05  Stalker  
  39  4:11  Pylon  
  39  4:18  Probe x2 (Chrono Boost)  
  41  4:29  Mothership Core (Chrono Boost)  
  43  4:53  Robotics Facility, Probe (Chrono Boost)  
  43  4:54  Probe (Chrono Boost)  
  45  5:04  Probe x2 (Chrono Boost)  
  47  5:15  Probe x2 (Chrono Boost)  
  47  5:20  Nexus  
  49  5:36  Probe (Chrono Boost)  
  49  5:37  Probe (Chrono Boost)  
  51  5:47  Stalker x4, Probe x2 (Chrono Boost)  
  61  5:56  Pylon  
  61  5:58  Probe x2 (Chrono Boost)  
  61  6:01  Pylon  
  63  6:17  Immortal  
  67  6:28  Gateway  
  67  6:29  Gateway  
  67  6:31  Gateway  
  67  6:32  Gateway  
  67  6:44  Robotics Facility  
  67  6:56  Immortal  
  71  7:07  Assimilator  
  71  7:09  Assimilator, Probe x2 (Chrono Boost)  
  71  7:10  Probe (Chrono Boost)  
  74  7:16  Stalker x3  
  74  7:20  Zealot, Probe x3 (Chrono Boost)  
  85  7:23  Assimilator  
  85  7:25  Assimilator  
  85  7:41  Zealot x4  
  93  7:55  Observer  
  94  8:16  Immortal  
  98  8:43  Stalker  
  98  8:44  Stalker x2  
  104  8:55  Warp Prism  
  106  9:05  Observer  
  108  9:10  Probe x2 (Chrono Boost)  
  109  9:23  Pylon  
  109  9:26  Pylon  
  109  9:41  Observer, Probe (Chrono Boost)  
  111  9:49  Pylon  
  111  9:51  Pylon  
  111  10:05  Protoss Ground Weapons Level 1  
  111  10:06  Protoss Ground Armor Level 1  
  111  10:10  Protoss Air Weapons Level 1  
  111  10:20  Zealot x2  
  115  10:21  Zealot  
  97  10:47  Stalker x4  
  97  10:48  Stalker  
  93  10:50  Stalker  
  52  11:36  Stargate  
  52  11:51  Stalker x4  
  52  11:52  Stalker x3  
  52  11:53  Stalker  
  68  12:05  Mothership Core (Chrono Boost)  
  56  12:21  Stalker x2  
  56  12:22  Stalker x5  
  56  12:23  Stalker  
Show
View Real Time Build Order
Export as new Build Order

DrBigMa Protoss - Winner!

Build Orders: 1 Gate Expand 

Get SALT Encoding   

  12  0:01  Probe (Chrono Boost)  
  13  0:13  Probe (Chrono Boost)  
  14  0:19  Pylon  
  14  0:24  Probe (Chrono Boost)  
  15  0:37  Probe (Chrono Boost)  
  15  0:42  Gateway  
  16  0:44  Assimilator  
  16  0:48  Probe (Chrono Boost)  
  17  1:06  Probe (Chrono Boost)  
  18  1:16  Probe (Chrono Boost)  
  19  1:27  Probe (Chrono Boost)  
  19  1:30  Nexus  
  20  1:40  Pylon  
  20  1:44  Cybernetics Core  
  20  1:47  Probe (Chrono Boost)  
  21  2:00  Probe (Chrono Boost)  
  22  2:09  Assimilator  
  22  2:11  Probe (Chrono Boost)  
  23  2:17  Forge  
  23  2:24  Warp Gate  
  23  2:26  Mothership Core (Chrono Boost)  
  25  2:40  Stalker  
  27  2:53  Gateway  
  27  3:02  Gateway  
  27  3:03  Photon Cannon, Probe (Chrono Boost)  
  28  3:06  Probe (Chrono Boost)  
  29  3:14  Probe (Chrono Boost)  
  29  3:17  Probe (Chrono Boost)  
  31  3:27  Probe (Chrono Boost)  
  32  3:28  Probe (Chrono Boost)  
  32  3:33  Robotics Facility  
  33  3:37  Pylon  
  33  3:40  Probe (Chrono Boost)  
  34  3:42  Probe (Chrono Boost)  
  35  3:50  Assimilator  
  35  3:51  Probe (Chrono Boost)  
  35  3:52  Assimilator  
  36  3:58  Protoss Shields Level 1  
  36  4:00  Probe (Chrono Boost)  
  36  4:02  Probe (Chrono Boost)  
  38  4:11  Probe (Chrono Boost)  
  38  4:13  Probe (Chrono Boost)  
  40  4:26  Observer (Chrono Boost)  
  41  4:38  Pylon  
  41  4:41  Probe  
  41  4:42  Stargate  
  41  4:45  Probe  
  47  4:46  Immortal (Chrono Boost)  
  47  4:47  Protoss Air Weapons Level 1  
  47  4:52  Probe  
  48  5:02  Probe  
  48  5:03  Stargate  
  48  5:06  Photon Cannon  
  49  5:09  Probe  
  49  5:13  Probe  
  50  5:17  Forge  
  50  5:19  Observer (Chrono Boost)  
  52  5:27  Probe  
  53  5:30  Probe  
  53  5:34  Void Ray  
  58  5:38  Immortal (Chrono Boost)  
  62  5:49  Pylon  
  62  5:50  Protoss Ground Weapons Level 1  
  62  5:51  Fleet Beacon  
  62  6:08  Pylon  
  62  6:30  Void Ray x2  
  62  6:31  Probe  
  71  6:40  Observer (Chrono Boost)  
  78  6:47  Nexus  
  78  6:56  Pylon  
  78  6:57  Pylon  
  78  7:00  Graviton Catapult  
  78  7:09  Assimilator  
  78  7:11  Assimilator  
  78  7:14  Pylon  
  78  7:20  Protoss Ground Armor Level 1  
  78  7:21  Protoss Air Armor Level 1  
  78  7:33  Photon Cannon  
  78  7:36  Photon Cannon  
  78  7:39  Pylon  
  78  7:45  Carrier  
  84  8:00  Probe  
  84  8:02  Pylon  
  85  8:10  Probe  
  86  8:21  Probe  
  87  8:31  Probe  
  88  8:42  Probe  
  88  8:45  Robotics Bay  
  88  8:47  Stargate  
  89  8:52  Probe  
  89  8:54  Stalker  
  89  8:55  Stalker x2  
  95  9:10  Pylon x2  
  107  9:19  Carrier x2 (Chrono Boost)  
  107  9:27  Twilight Council  
  107  9:33  Photon Cannon  
  107  9:34  Photon Cannon  
  107  9:37  Photon Cannon  
  107  9:38  Photon Cannon  
  107  9:41  Photon Cannon  
  107  9:43  Photon Cannon  
  107  9:47  Photon Cannon  
  107  9:56  Carrier (Chrono Boost)  
  113  10:18  Extended Thermal Lance  
  113  10:19  Colossus  
  119  10:25  Blink  
  119  10:29  Pylon  
  121  10:51  Carrier (Chrono Boost)  
  97  11:17  Carrier (Chrono Boost)  
  109  11:28  Carrier (Chrono Boost)  
  109  11:38  Probe  
  109  11:45  Mothership Core  
  112  11:49  Probe  
  113  11:54  Colossus  
  113  12:00  Probe  
Tags
 
Add a new tag
Caveats
  • Supply blocks, unpowered buildings, or Contaminate may cause inaccurate times.
  • Supply counts are checked every 10 seconds.